 Dungeon Crawl Stone Soup version 0.30-a0-568-g124715a40b (webtiles) character file.

Game seed: 13974901225693293881

675 jfcaron the Covert (level 7, -4/56 HPs)
             Began as a Gnoll Brigand on Dec 29, 2022.
             Slain by an orc warrior
             ... wielding a +0 glaive
              (18 damage)
             ... on level 5 of the Dungeon.
             The game lasted 00:08:38 (4344 turns).

jfcaron the Covert (Gnoll Brigand)                  Turns: 4344, Time: 00:08:39

Health: -4/56      AC:  6    Str: 10    XL:     7   Next: 59%
Magic:  11/11      EV: 11    Int: 13    God:
Gold:   244        SH:  0    Dex: 13    Spells: 11/11 levels left

rFire   . . .      SeeInvis .    a - +2 dagger (venom)
rCold   . . .      Faith    .    (no shield)
rNeg    . . .      Spirit   .    k - +0 ring mail
rPois   .          Reflect  .    (no helmet)
rElec   .          Harm     .    c - +0 cloak
rCorr   .          Rampage  .    (no gloves)
Will    .....                    (no boots)
Stlth   +++                      h - amulet of regeneration
HPRegen 1.09/turn                l - ring of flight
MPRegen 0.12/turn                (no ring)

@: flying
A: fangs 1, strong nose, distributed training
a: no special abilities


You were on level 5 of the Dungeon.
You visited 2 branches of the dungeon, and saw 6 of its levels.

You collected 244 gold pieces.

Inventory:

Hand Weapons
 a - a +2 dagger of venom (weapon)
   (You took it off a goblin on level 3 of the Dungeon)
 b - a +0 sling
 j - a +0 dagger of draining
   (You took it off a goblin on level 1 of the Dungeon)
 E - a +3 dagger
Missiles
 d - 4 poisoned darts (quivered)
 e - 8 curare-tipped darts {!f}
 g - 5 stones
Armour
 c - a +0 cloak (worn)
 i - a +0 robe
 k - a +0 ring mail (worn)
 r - a +0 scale mail
 C - a +0 chain mail of fire resistance
   (You found it on level 4 of the Dungeon)
Jewellery
 h - an amulet of regeneration (around neck)
   (You found it on level 1 of the Dungeon)
 l - a ring of flight (left hand)
 m - an amulet of magic regeneration
   (You found it on level 1 of the Dungeon)
 n - an amulet of reflection
   (You found it on level 1 of the Dungeon)
Scrolls
 o - 4 scrolls of teleportation {unknown}
 u - a scroll of amnesia {unknown}
 w - a scroll of blinking {unknown}
 y - a scroll of poison
 B - a scroll of noise {unknown}
Potions
 f - 3 potions of flight
 p - 3 potions of mutation
 q - a potion of attraction
 s - a potion of cancellation
 t - a potion of degeneration {unknown}
 v - a potion of ambrosia {unknown}
 x - a potion of haste {unknown}
 z - 2 potions of heal wounds
 D - a potion of brilliance {unknown}


   Skills:
 + Level 5.3 Fighting
 + Level 5.3 Short Blades
 + Level 2.7 Long Blades
 + Level 2.7 Axes
 + Level 2.7 Maces & Flails
 + Level 2.7 Polearms
 + Level 2.7 Staves
 + Level 2.7 Ranged Weapons
 + Level 5.3 Throwing
 + Level 2.7 Armour
 + Level 3.8 Dodging
 + Level 8.3 Stealth
 + Level 2.7 Shields
 + Level 2.7 Unarmed Combat
 + Level 2.7 Spellcasting
 + Level 2.2 Conjurations
 + Level 2.2 Hexes
 + Level 2.2 Summonings
 + Level 2.2 Necromancy
 + Level 2.2 Translocations
 + Level 2.2 Transmutations
 + Level 2.2 Fire Magic
 + Level 2.2 Ice Magic
 + Level 2.2 Air Magic
 + Level 2.2 Earth Magic
 + Level 2.2 Poison Magic
 + Level 3.0 Invocations
 + Level 2.7 Evocations


You had 11 spell levels left.
You didn't know any spells.
Your spell library contained the following spells:

 Spells                   Type           Power      Damage    Failure   Level
 Cigotuvi's Dreadful Rot  Necr/Pois/Air  14%        N/A       34%         2
 Gell's Gravitas          Tloc           7%         N/A       56%         3
 Lesser Beckoning         Tloc           14%        N/A       56%         3
 Ozocubu's Armour         Ice            7%         N/A       56%         3
 Teleport Other           Tloc           7%         N/A       56%         3
 Ozocubu's Refrigeration  Ice            3%         4d8       100%        7


Dungeon Overview and Level Annotations

Branches:
Dungeon (5/15)             Temple (1/1) D:5

Altars:
Ashenzari
Dithmenos
Gozag
Hepliaklqana
Kikubaaqudgha
Makhleb
Nemelex Xobeh
Okawaru
Qazlal
Ru
Sif Muna
Trog
Uskayaw
Vehumet
Wu Jian
Xom
Yredelemnul
Zin
The Shining One

Shops:
D:2 (   D:3 [


Innate Abilities, Weirdness & Mutations

You have very sharp teeth.
Your uncanny sense of smell can sniff out nearby items.
Your experience applies equally to all skills.


Message History

The orc warrior is lightly wounded.
The orc warrior hits you from afar with a +0 glaive!!
The orc warrior closely misses you.
You see here a hound corpse.
You closely miss the orc warrior.
The orc warrior is moderately wounded.
The orc warrior barely misses you.
You hit the orc warrior but do no damage.
The orc warrior looks as sick as possible!
The orc warrior is moderately wounded.
The orc warrior barely misses you.
You hit the orc warrior but do no damage.
You bite the orc warrior, but do no damage.
The orc warrior is heavily wounded.
You hit the orc warrior but do no damage.
You bite the orc warrior.
The orc warrior is heavily wounded.
The orc warrior barely misses you.
You hit the orc warrior but do no damage.
The orc warrior is severely wounded.
The orc warrior hits you with a +0 glaive!
* * * LOW HITPOINT WARNING * * *
You closely miss the orc warrior.
The orc warrior is severely wounded.
The orc warrior barely misses you.
You hit the orc warrior but do no damage.
The orc warrior looks as sick as possible!
The orc warrior is severely wounded.
You hit the orc warrior but do no damage.
The orc warrior looks as sick as possible!
The orc warrior is severely wounded.
The orc warrior hits you with a +0 glaive.
* * * LOW HITPOINT WARNING * * *
An orc comes into view. It is wielding a +0 dagger.
The orc shouts!
You hit the orc warrior but do no damage.
The orc warrior is severely wounded.
You hear a shout!
The orc warrior hits you with a +0 glaive!!
You die...

#.# #.# #.# ##### ∆
#.## #...#
#..###.#.#
#......#.#
#.##÷>...#
.)o#.####.##....####
.().ooo@..#.<....<..
..#######.#.########
#.#. #.#. .... $...
...# ...##


You could see an orc warrior (extremely poisoned) and 3 orcs.

Vanquished Creatures
  2 black bears (D:4)
  A necrophage (D:4)
  A jelly (D:5)
  4 hounds
  Jessica (D:3)
  Natasha (thrice) (D:4)
  An orc wizard (D:3)
  7 adders
  An ufetubus (D:3)
  2 dart slugs
  6 orcs
  4 bats
  7 endoplasms
  A giant cockroach (D:2)
  14 goblins
  9 hobgoblins
  5 quokkas
  10 ball pythons
  3 frilled lizards (D:1)
  7 kobolds
  7 rats
  A butterfly (D:5)
97 creatures vanquished.

Notes
Turn   | Place    | Note
-------+----------+-------------------------------------------
     0 | D:1      | jfcaron the Gnoll Brigand began the quest for the Orb.
     0 | D:1      | Reached XP level 1. HP: 20/20 MP: 1/1
   125 | D:1      | Reached XP level 2. HP: 26/26 MP: 2/2
   328 | D:1      | Reached XP level 3. HP: 31/31 MP: 3/3
   709 | D:2      | Reached skill level 1 in Invocations
   737 | D:1      | Reached skill level 1 in Long Blades
   737 | D:1      | Reached skill level 1 in Axes
   737 | D:1      | Reached skill level 1 in Maces & Flails
   737 | D:1      | Reached skill level 1 in Polearms
   737 | D:1      | Reached skill level 1 in Staves
   737 | D:1      | Reached skill level 1 in Ranged Weapons
   737 | D:1      | Reached skill level 1 in Armour
   737 | D:1      | Reached skill level 1 in Shields
   737 | D:1      | Reached skill level 1 in Unarmed Combat
   737 | D:1      | Reached skill level 1 in Spellcasting
   737 | D:1      | Reached skill level 1 in Evocations
   894 | D:2      | Reached XP level 4. HP: 38/38 MP: 5/5
   958 | D:2      | Found Wiror's Weapon Emporium.
  1136 | D:2      | Found an iron altar of Okawaru.
  1246 | D:3      | Noticed Jessica
  1259 | D:3      | Killed Jessica
  1260 | D:3      | Reached skill level 1 in Conjurations
  1260 | D:3      | Reached skill level 1 in Hexes
  1260 | D:3      | Reached skill level 1 in Summonings
  1260 | D:3      | Reached skill level 1 in Necromancy
  1260 | D:3      | Reached skill level 1 in Translocations
  1260 | D:3      | Reached skill level 1 in Transmutations
  1260 | D:3      | Reached skill level 1 in Fire Magic
  1260 | D:3      | Reached skill level 1 in Ice Magic
  1260 | D:3      | Reached skill level 1 in Air Magic
  1260 | D:3      | Reached skill level 1 in Earth Magic
  1260 | D:3      | Reached skill level 1 in Poison Magic
  1279 | D:3      | Got Jessica's Catalogue of Stolen Souls
  1620 | D:3      | Found Qiets's Armour Boutique.
  1628 | D:3      | Reached XP level 5. HP: 42/43 MP: 7/7
  2193 | D:4      | Found an opulent altar of Gozag.
  2443 | D:4      | Reached skill level 8 in Stealth
  2497 | D:4      | Noticed a black bear
  2510 | D:4      | Killed a black bear
  2511 | D:4      | Reached skill level 5 in Fighting
  2511 | D:4      | Reached skill level 5 in Short Blades
  2511 | D:4      | Reached skill level 5 in Throwing
  2511 | D:4      | Reached XP level 6. HP: 42/51 MP: 7/9
  2690 | D:4      | Noticed Natasha
  2694 | D:4      | Killed Natasha
  2866 | D:4      | Noticed a black bear
  2893 | D:4      | Reached XP level 7. HP: 54/56 MP: 10/10
  3211 | D:4      | Found an opulent altar of Gozag.
  3266 | D:4      | Noticed Natasha
  3269 | D:4      | Killed Natasha
  3307 | D:4      | Found an opulent altar of Gozag.
  4058 | D:4      | Noticed Natasha
  4062 | D:4      | Killed Natasha
  4081 | D:5      | Entered Level 5 of the Dungeon
  4081 | D:5      | Found a staircase to the Ecumenical Temple.
  4087 | Temple   | Entered the Ecumenical Temple
  4344 | D:5      | Slain by an orc warrior

Illustrated notes

Levels and vault maps discovered:
D:1:      dpeg_arrival_arbitrary_c, layout_loops_ring
D:2:      layout_rooms, serial_shops, nicolae_lakefront_shop, basic_altar,
          minmay_pentomino_q4
D:3:      layout_basic, serial_shops, shop, kennysheep_jessica_study
D:4:      minmay_diamond_boxcup, layout_basic, mainiacjoe_overflow_boulevard,
          uniq_natasha
D:5:      layout_loops_ring, minmay_temple_entry_butterflies,
          grunt_ministairs_15, minmay_misc_feat_plants
Temple:   minmay_crystal_spiral_temple

Skill      XL: |  1  2  3  4  5  6  7 |
---------------+----------------------+-----
Invocations    | 1 2 3 |  3.0
Long Blades    | 1 2 |  2.7
Axes           | 1 2 |  2.7
Maces & Flails | 1 2 |  2.7
Polearms       | 1 2 |  2.7
Staves         | 1 2 |  2.7
Ranged Weapons | 1 2 |  2.7
Armour         | 1 2 |  2.7
Shields        | 1 2 |  2.7
Unarmed Combat | 1 2 |  2.7
Spellcasting   | 1 2 |  2.7
Evocations     | 1 2 |  2.7
Conjurations   | 1 2 |  2.2
Hexes          | 1 2 |  2.2
Summonings     | 1 2 |  2.2
Necromancy     | 1 2 |  2.2
Translocations | 1 2 |  2.2
Transmutations | 1 2 |  2.2
Fire Magic     | 1 2 |  2.2
Ice Magic      | 1 2 |  2.2
Air Magic      | 1 2 |  2.2
Earth Magic    | 1 2 |  2.2
Poison Magic   | 1 2 |  2.2
Dodging        | 3 |  3.8
Stealth        | 8 |  8.3
Fighting       | 5 |  5.3
Short Blades   | 5 |  5.3
Throwing       | 5 |  5.3

Action                   |  1- 3 |  4- 6 |  7- 9 || total
-------------------------+-------+-------+-------++-------
Melee: Dagger            |   123 |   102 |    30 ||   255
       Bite              |    14 |    10 |     2 ||    26
       Punch             |       |     1 |     1 ||     2
 Fire: Sling             |     9 |       |       ||     9
Throw: Dart              |     3 |     6 |    10 ||    19
       Stone             |       |    39 |       ||    39
       Boomerang         |       |    40 |    17 ||    57
  Use: Scroll            |       |     6 |     1 ||     7
 Stab: Sleeping          |     6 |       |     2 ||     8
       Distracted        |     1 |       |       ||     1
Armor: Robe              |     4 |       |       ||     4
       Ring mail         |    37 |    32 |     5 ||    74
Dodge: Dodged            |    86 |    40 |    17 ||   143

Table legend: (Time is in decaauts)
 A = Elapsed time spent in this place.
 B = Non-inter-level travel time spent in this place.
 C = Inter-level travel time spent in this place.
 D = Time resting spent in this place.
 E = Time spent auto-exploring this place.
 F = Levels seen in this place.
 G = Mean time per level.
                   A        B        C        D        E       F      G
               +--------+--------+--------+--------+--------+-----+--------+
         Total |   4279 |   3995 |    284 |    109 |   3273 |   6 |  713.2 |
       Dungeon |   4067 |   3866 |    201 |    109 |   3161 |   5 |  813.4 |
        Temple |    211 |    128 |     83 |      0 |    112 |   1 |  211.0 |
               +--------+--------+--------+--------+--------+-----+--------+

Top non-repeatable levels by time:
     D:4: 1960 daAuts
     D:3: 889 daAuts
     D:1: 730 daAuts
     D:2: 442 daAuts
  Temple: 211 daAuts
     D:5: 45 daAuts

Table legend:
 A = Kills in this place as a percentage of kills in entire the game.
 B = Kills by you in this place as a percentage of kills by you in the entire game.
 C = Kills by friends in this place as a percentage of kills by friends in the entire game.
 D = Other kills in this place as a percentage of other kills in the entire game.
 E = Experience gained in this place as a percentage of experience gained in the entire game.
 F = Experience gained in this place divided by the number of levels of this place that you have seen.
                   A       B       C       D       E      F
               +-------+-------+-------+-------+-------+----------------------
         Total | 100.0 | 100.0 |   N/A |   N/A | 100.0 | 160.8
       Dungeon | 100.0 | 100.0 |   N/A |   N/A | 100.0 | 193.0
               +-------+-------+-------+-------+-------+----------------------
